Map: World of Sleepers LE

Players

Slayer - Winner!

  • Race: Zerg Zerg
  • League: Gold
  • Spawn Location: 7:00

Ratl

  • Race: Protoss Protoss
  • League: Bronze
  • Spawn Location: 1:00

VOD

Have the link to the VOD?

Description

Time

  • Played on: Jan. 9, 2020, 4:44 p.m.
  • Length: 7:58
Show
View Real Time Build Order
Export as new Build Order

Slayer Zerg - Winner!

Build Orders: Hatch First 

Get SALT Encoding   

  12  0:10  Overlord  
  12  0:19  Drone x2  
  14  0:30  Drone  
  15  0:36  Drone  
  16  0:45  Drone  
  17  0:58  Hatchery  
  17  1:02  Extractor  
  17  1:03  Drone  
  16  1:21  Drone  
  16  1:22  Spawning Pool  
  16  1:30  Drone x2  
  18  1:41  Drone  
  19  2:05  Overlord x2  
  19  2:11  Queen  
  19  2:14  Queen  
  23  2:21  Metabolic Boost  
  22  2:38  Drone x2  
  22  2:39  Drone  
  25  2:44  Drone x3  
  28  3:03  Lair  
  28  3:09  Drone x2  
  30  3:14  Overlord x2  
  29  3:29  Spine Crawler  
  29  3:30  Spine Crawler  
  29  3:31  Zergling x6  
  30  3:37  Zergling x2  
  30  3:38  Zergling x4  
  31  3:57  Queen  
  31  3:59  Drone x4  
  36  4:12  Nydus Network  
  36  4:14  Spore Crawler  
  34  4:18  Spore Crawler  
  34  4:22  Drone x2  
  35  4:46  Zergling x6  
  38  4:53  Nydus Canal  
  36  5:27  Zergling x10  
  36  5:28  Zergling x14  
  47  5:35  Zergling x10  
  50  5:49  Extractor x2  
  48  5:55  Extractor  
  47  5:57  Overseer  
  47  5:58  Pneumatized Carapace  
  47  6:01  Zergling x10  
  52  6:05  Overseer  
  52  6:17  Overlord  
  52  6:18  Overlord x5  
  52  6:41  Drone x2  
  52  6:45  Zergling x10  
  51  7:39  Zergling x4  
  51  7:40  Zergling x4  
  51  7:41  Zergling x12  
Show
View Real Time Build Order
Export as new Build Order

Ratl Protoss 

Build Orders: Double Forge 

Get SALT Encoding   

  12  0:02  Probe  
  13  0:14  Probe  
  13  0:18  Pylon  
  14  0:26  Probe  
  15  0:30  Assimilator  
  15  0:39  Probe (Chrono Boost)  
  16  0:46  Gateway  
  16  0:51  Probe (Chrono Boost)  
  17  0:59  Probe (Chrono Boost)  
  18  1:05  Probe  
  19  1:15  Gateway  
  19  1:20  Probe  
  20  1:26  Assimilator  
  20  1:32  Probe  
  21  1:44  Probe  
  22  1:47  Cybernetics Core  
  22  1:56  Probe  
  23  2:05  Pylon  
  22  2:08  Probe  
  23  2:23  Probe  
  23  2:26  Warp Gate (Chrono Boost)  
  23  2:28  Stalker x2  
  28  2:41  Probe  
  29  2:49  Nexus  
  29  2:53  Probe  
  30  3:05  Probe  
  31  3:19  Robotics Facility  
  31  3:22  Pylon  
  31  3:40  Probe, Stalker x2  
  36  3:53  Probe (Chrono Boost)  
  35  4:02  Probe (Chrono Boost)  
  35  4:10  Probe (Chrono Boost)  
  35  4:11  Probe (Chrono Boost)  
  35  4:15  Pylon  
  35  4:16  Probe x2 (Chrono Boost)  
  37  4:17  Gateway  
  37  4:20  Gateway  
  37  4:23  Observer  
  39  4:28  Probe  
  39  4:30  Forge  
  40  4:31  Forge  
  40  4:38  Pylon  
  40  4:46  Pylon  
  40  4:49  Assimilator x2  
  40  4:59  Stalker x2  
  37  5:17  Stalker x2  
  35  5:30  Stalker x2  
  35  5:34  Probe (Chrono Boost)  
  41  5:38  Probe (Chrono Boost)  
  42  5:43  Probe (Chrono Boost)  
  42  5:47  Probe (Chrono Boost)  
  42  5:48  Probe (Chrono Boost)  
  44  5:58  Probe (Chrono Boost)  
  45  6:05  Probe (Chrono Boost)  
  45  6:10  Probe (Chrono Boost)  
  47  6:15  Probe (Chrono Boost)  
  47  6:16  Probe (Chrono Boost)  
  49  6:20  Probe (Chrono Boost)  
  49  6:21  Pylon  
  49  6:23  Probe  
  49  6:24  Pylon  
  51  6:28  Pylon  
  51  6:31  Probe  
  52  6:33  Shield Battery  
  52  6:48  Shield Battery  
  52  6:53  Probe x2  
  54  7:01  Stalker x2, Shield Battery  
  54  7:02  Stalker x2  
  54  7:05  Probe  
  24  7:26  Stalker x4  
  5  7:50  Stalker x2  
Tags
 
Add a new tag
Caveats
  • Supply blocks, unpowered buildings, or Contaminate may cause inaccurate times.
  • Supply counts are checked every 10 seconds.